 Dungeon Crawl Stone Soup version 0.31.0-9-g3a7656b989 (webtiles) character file.

Game seed: 12444576627819625119

258 qw the Ducker (level 5, 0/26 HPs)
             Began as a Spriggan Hunter on Feb 2, 2024.
             Slain by a goblin
             ... wielding a +0 dagger
             ... led by Robin
              (2 damage)
             ... on level 2 of the Dungeon.
             The game lasted 00:00:07 (1485 turns).

qw the Ducker (Spriggan Hunter)                     Turns: 1485, Time: 00:00:08

Health: 0/26       AC:  2    Str:  7    XL:     5   Next: 94%
Magic:  6/6        EV: 23    Int: 10    God:
Gold:   96         SH:  0    Dex: 21    Spells: 4/4 levels left

rFire   . . .        a - +1 shortbow
rCold   . . .        (shield currently unavailable)
rNeg    . . .        c - +0 robe
rPois   .            (helmet restricted)
rElec   .            (no cloak)
rCorr   .            (gloves unavailable)
SInv    +            (boots unavailable)
Will    .....        (no amulet)
Stlth   ++           (no ring)
HPRegen 0.24/turn    (no ring)
MPRegen 0.10/turn

%: no passive effects
@: very quick
A: very small, no large weapons, unfitting armour, see invisible, speed 3
a: no special abilities


You were on level 2 of the Dungeon.
You visited 1 branch of the dungeon, and saw 2 of its levels.

You collected 96 gold pieces.


Innate Abilities, Weirdness & Mutations

You are very small and have problems with some larger weapons.
You are too small for most types of armour.
You have supernaturally acute eyesight. (SInv)
You cover ground extremely quickly. (Speed+++)


   Skills:
 + Level 1.7 Fighting
 - Level 5.0 Ranged Weapons
 - Level 7.2 Dodging
 - Level 1.5 Stealth


You had 4 spell levels left.
You didn't know any spells.
Your spell library was empty.

Inventory:

Hand Weapons
 a - a +1 shortbow (weapon)
Armour
 c - a +0 robe (worn)
 e - a +0 cloak
Scrolls
 h - 2 scrolls of identify
 j - a scroll of enchant armour
Potions
 b - a potion of curing {unknown}
 d - a potion of attraction {unknown}

Dungeon Overview and Level Annotations

Branches:
Dungeon (2/15)

Altars:

Annotations:
D:2 Robin


Message History

You kill the hobgoblin!
The goblin barely misses you. The hobgoblin hits you.
You shoot an arrow.
The arrow hits the goblin but does no damage.
The goblin hits you with a +0 club. The hobgoblin misses you.
You shoot an arrow. The arrow closely misses the goblin.
The goblin hits you with a +0 club. The hobgoblin completely misses you.
You shoot an arrow. The arrow hits the goblin!
You kill the goblin!
Robin throws the goblin at you! The goblin misses you.
The hobgoblin barely misses you.
You shoot an arrow.
The arrow hits the goblin but does no damage.
The goblin completely misses you. The goblin barely misses you.
The hobgoblin hits you. The hobgoblin misses you.
A kobold opens the door.
The goblin misses you. x2
You shoot an arrow. The arrow hits the goblin.
The goblin is moderately wounded.
The goblin closely misses you. The goblin hits you with a +0 club.
The hobgoblin hits you.
You shoot an arrow. The arrow hits the goblin!
You kill the goblin!
The goblin completely misses you.
The kobold hits you with a +0 short sword.
The hobgoblin closely misses you.
You shoot an arrow.
The arrow hits Robin but does no damage.
The goblin barely misses you. The kobold completely misses you.
The hobgoblin completely misses you.
You shoot an arrow. The arrow barely misses Robin.
The arrow closely misses the goblin.
The goblin no longer looks unusually strong.
The goblin completely misses you. The kobold misses you.
The hobgoblin misses you.
You shoot an arrow. The arrow closely misses Robin.
The hobgoblin no longer looks unusually strong.
The goblin misses you.
The kobold hits you with a +0 short sword.
The goblin hits you with a +0 dagger.
You die...

### #.# #.# #.# ##
#.##########
###K######...........
#..g@).....###....###
+..ggg...............
#...........##....###
#.................#
.)...##......#######
# .)##..
#......###.## ## ...
#.. #......##...# #.
..
#..##......##...###.
..(.....#..#..#..


You could see Robin, a hobgoblin, 2 goblins and a kobold.

Vanquished Creatures
  Sigmund (D:2)
  Natasha (D:2)
  3 adders (D:2)
  A dart slug (D:1)
  5 endoplasms
  A giant cockroach (D:1)
  9 goblins (D:2)
  10 hobgoblins
  3 ball pythons
  3 bats
  3 kobolds
  4 rats
44 creatures vanquished.

Notes
Turn   | Place    | Note
-------+----------+-------------------------------------------
     0 | D:1      | qw the Spriggan Hunter began the quest for the Orb.
     0 | D:1      | Reached XP level 1. HP: 10/10 MP: 2/2
     0 | D:1      | 0 ||| qw: Version: 0.3-a-155-g5e7d8dd
     0 | D:1      | 0 ||| qw: Game counter: 736
     0 | D:1      | 0 ||| qw: Melee chars always use a shield: true
     0 | D:1      | 0 ||| qw: God list: Okawaru
     0 | D:1      | 0 ||| qw: Allow faded altars: false
     0 | D:1      | 0 ||| qw: Do Orc after clearing Dungeon:15 true
     0 | D:1      | 0 ||| qw: Do second Lair branch before Depths: true
     0 | D:1      | 0 ||| qw: Lair rune preference: random
     0 | D:1      | 0 ||| qw: Goals: Normal
     0 | D:1      | 0 ||| PLANNING D:1-11
    26 | D:1      | Reached skill level 3 in Dodging
   102 | D:1      | Reached XP level 2. HP: 14/14 MP: 3/3
   207 | D:1      | Reached skill level 4 in Dodging
   794 | D:1      | 794 ||| DROPPING ring of flight.
   795 | D:1      | 795 ||| READING scroll labelled PAYMPY MIPEEP.
   798 | D:1      | 798 ||| READING scroll labelled PILE NASCHORGHU.
   798 | D:1      | 798 ||| ENCHANTING +0 shortbow.
   799 | D:1      | 799 ||| READING scroll labelled LICLIEVVE.
   800 | D:1      | 800 ||| READING 5 scrolls labelled VEWOWOEMIR.
   800 | D:1      | 800 ||| IDENTIFYING cyan potion
   801 | D:1      | 801 ||| READING 4 scrolls of identify.
   801 | D:1      | 801 ||| IDENTIFYING scroll labelled NOCORUNIRCH
   802 | D:1      | 802 ||| READING 3 scrolls of identify.
   802 | D:1      | 802 ||| IDENTIFYING scroll labelled PIARRESUIT
   803 | D:1      | 803 ||| READING 2 scrolls of identify.
   803 | D:1      | 803 ||| IDENTIFYING scroll labelled QISAADEREE
   804 | D:1      | 804 ||| DROPPING scroll of butterflies.
   805 | D:1      | 805 ||| DROPPING scroll of vulnerability.
   806 | D:1      | 806 ||| DROPPING scroll of immolation.
   952 | D:2      | Reached XP level 3. HP: 18/18 MP: 4/4
  1025 | D:2      | HP: 4/18 [bat (1)]
  1026 | D:2      | 1026 ||| DRINKING potion of heal wounds.
  1081 | D:2      | Noticed Natasha
  1086 | D:2      | 1086 ||| RETREEEEATING.
  1087 | D:2      | 1087 ||| RETREEEEATING.
  1088 | D:2      | 1088 ||| RETREEEEATING.
  1089 | D:2      | 1089 ||| RETREEEEATING.
  1090 | D:2      | Killed Natasha
  1091 | D:2      | Reached XP level 4. HP: 22/22 MP: 5/5
  1311 | D:2      | Noticed Sigmund
  1319 | D:2      | HP: 4/22 [Sigmund/puff of flame (7)]
  1320 | D:2      | 1320 ||| READING scroll of teleportation.
  1321 | D:2      | Killed Sigmund
  1322 | D:2      | Reached skill level 7 in Dodging
  1322 | D:2      | Reached XP level 5. HP: 6/25 MP: 6/6
  1467 | D:2      | Noticed Robin
  1481 | D:2      | HP: 4/26 [hobgoblin[Robin] (3)]
  1485 | D:2      | Slain by a goblin

Levels and vault maps discovered:
D:1:      lightli_arrival_statue_moat, layout_basic, grunt_decor_one_mirror,
          minmay_heptomino_w4
D:2:      kennysheep_six_static_rooms, layout_basic, serial_curves,
          eino_curves_03, eino_curves_01, uniq_robin, uniq_natasha, uniq_sigmund

Skill      XL: |  1  2  3  4 |
---------------+-------------+-----
Dodging        | 3 4 7 |  7.2
Ranged Weapons | 5 |  5.0
Fighting       | |  1.7
Stealth        | |  1.5

Action                     |  1- 3 |  4- 6 || total
---------------------------+-------+-------++-------
   Fire: Shortbow          |    73 |    31 ||   104
    Use: Scroll            |     7 |     1 ||     8
         Potion            |     1 |       ||     1
 Armour: Robe              |     7 |    14 ||    21
  Dodge: Dodged            |    22 |    31 ||    53

Table legend:
 A = Non-vault XP
 B = Vault XP
 C = Vault XP percentage of total XP
 D = Non-vault monster count
 E = Vault monster count
 F = Vault count percentage of total count
                 A         B        C        D         E       F
            +---------+---------+-------+---------+---------+-------
      Total |      64 |     305 |  82.7 |      22 |      22 |  50.0
            +---------+---------+-------+---------+---------+-------
        D:1 |      23 |       9 |  28.1 |      12 |       6 |  33.3
        D:2 |      41 |     296 |  87.8 |      10 |      16 |  61.5
            +---------+---------+-------+---------+---------+-------
